 Dungeon Crawl Stone Soup version 0.21-a0-460-g737a915 (webtiles) character file.

1767 4thArraOfDagon the Martial Artist (level 8, 0/61 HPs)
             Began as a Demonspawn Hunter on Nov 20, 2017.
             Was a Believer of Uskayaw.
             Slain by a hippogriff (2 damage)
             ... on level 8 of the Dungeon.
             The game lasted 00:18:51 (3571 turns).

4thArraOfDagon the Martial Artist (DsHu)            Turns: 3571, Time: 00:18:52

Health: 0/61       AC:  8    Str: 12    XL:     8   Next: 80%
Magic:  3/12       EV: 11    Int: 16    God:    Uskayaw [**....]
Gold:   252        SH:  5    Dex: 15    Spells: 7/7 levels left

rFire    . . .     SeeInvis .     - Unarmed
rCold    . . .     Gourm    .   (no shield)
rNeg     . . .     Faith    .   l - +0 ring mail
rPois    .         Spirit   .   (helmet restricted)
rElec    .         Reflect  +   (no cloak)
rCorr    +         Harm     .   n - +0 pair of gloves
MR       .....                  (no boots)
Stlth    ++........             q - +5 amulet of reflection
HPRegen  0.20/turn              k - ring of resist corrosion
MPRegen  0.13/turn              (no ring)

@: no status effects
A: antennae 1, thin metallic scales 1, agile 1, nightstalker 1, robust 1
a: Stomp, Line Pass, Renounce Religion


You were on level 8 of the Dungeon.
You worshipped Uskayaw.
Uskayaw was noncommittal.
You were not hungry.

You visited 1 branch of the dungeon, and saw 8 of its levels.

You collected 252 gold pieces.

Inventory:

Hand Weapons
 a - a +1 short sword
Armour
 b - a +0 leather armour
 l - a +0 ring mail (worn)
 n - a +0 pair of gloves (worn)
Jewellery
 k - a ring of resist corrosion (left hand)
 q - a +5 amulet of reflection (around neck)
Wands
 g - a wand of digging (16)
 m - a wand of iceblast (5)
Scrolls
 e - a scroll of noise
 h - 5 scrolls of remove curse
 j - a scroll of brand weapon {unknown}
 r - a scroll of fear
 v - 5 scrolls of teleportation
 w - a scroll of enchant weapon
 x - a scroll of magic mapping
 y - a scroll of immolation {unknown}
 z - a scroll of blinking {unknown}
Potions
 o - a potion of brilliance
 p - 2 potions of magic
 s - 3 potions of curing
 t - a potion of resistance
Comestibles
 f - 2 bread rations
 i - 3 meat rations


   Skills:
 - Level 2.0 Fighting
 - Level 5.0 Throwing
 - Level 1.7 Dodging
 - Level 0.8 Stealth
 * Level 8.5 Unarmed Combat
 + Level 6.6 Invocations


You had 7 spell levels left.
You didn't know any spells.

Dungeon Overview and Level Annotations

Branches:
Dungeon (8/15)             Temple (0/1) D:5
   Lair: D:8-11

Altars:
Dithmenos
Fedhas
Kikubaaqudgha
Makhleb
Ru
Sif Muna
Uskayaw
Zin

Annotations:
D:4 4thArraOfDagon's ghost, weakling DsHu


Innate Abilities, Weirdness & Mutations

You have a pair of small antennae on your head.
You are partially covered in thin metallic scales. (AC +2)
You are slightly more attuned to the shadows.
You are agile. (Dex +2)
You are robust. (+10% HP)


Message History

You stomp with the beat, sending a shockwave through the revelers around you!
The hippogriff is heavily wounded.
You feel somewhat more hungry. You block the hippogriff's attack.
The hippogriff pecks you but does no damage.
You block the hippogriff's attack.
Uskayaw will force your foes to share their pain.
Unknown command.
You stomp with the beat, sending a shockwave through the revelers around you!
The hippogriff is severely wounded.
You feel somewhat more hungry. The hippogriff bites you!
* * * LOW HITPOINT WARNING * * *
The hippogriff pecks you but does no damage.
You block the hippogriff's attack.
A deep elf mage comes into view.
It is wielding a long sword of draining.
You stomp with the beat, sending a shockwave through the revelers around you!
The hippogriff is almost dead.
You feel somewhat more hungry. The hippogriff bites you!
* * * LOW HITPOINT WARNING * * *
The hippogriff pecks you.
You die...

#.(##..#
#..#..#
#(#.##
#..#
#.#(#
#..#†#
#Z.##.#
#..##..#
#..##@.##
.###H.##
....(e.##
########


You could see a hippogriff and a deep elf mage.

Vanquished Creatures
  A hippogriff (D:8)
  A shadow (D:8)
  Eustachio (D:4)
  2 ice beasts (D:5)
  A phantom (D:4)
  An ogre (D:5)
  Blork the orc (D:5)
  4 bullfrogs
  A howler monkey (D:2)
  2 crimson imps
  3 jellies
  A gnoll shaman (D:6)
  An orc priest (D:6)
  2 hounds
  A centaur skeleton (D:7)
  2 worker ants (D:4)
  A hound zombie (D:6)
  A hound skeleton (D:5)
  3 gnolls (D:2)
  7 adders
  A howler monkey skeleton (D:8)
  A shadow imp (D:5)
  An adder skeleton (D:4)
  2 worms
  A dart slug (D:3)
  3 leopard geckos
  17 orcs
  4 ball pythons
  A giant cockroach (D:1)
  5 goblins
  9 hobgoblins
  4 kobolds
  2 quokkas
  8 bats
  4 frilled lizards
  2 quokka skeletons (D:5)
  6 rats
108 creatures vanquished.

Vanquished Creatures (others)
  A jackal skeleton (D:8)
1 creature vanquished.

Grand Total: 109 creatures vanquished

Notes
Turn   | Place    | Note
-------+----------+-------------------------------------------
     0 | D:1      | 4thArraOfDagon the Demonspawn Hunter began the quest for the Orb.
     0 | D:1      | Reached XP level 1. HP: 16/16 MP: 1/1
   138 | D:3      | Gained mutation: You are partially covered in thin metallic scales. (AC +2) [demonic ancestry]
   138 | D:3      | Reached XP level 2. HP: 22/22 MP: 2/2
   202 | D:2      | Found a glowing silver altar of Zin.
   229 | D:2      | Noticed a howler monkey
   315 | D:3      | Gained mutation: You are slightly more attuned to the shadows. [demonic ancestry]
   315 | D:3      | Reached XP level 3. HP: 23/27 MP: 3/3
   328 | D:3      | Found a blossoming altar of Fedhas.
   366 | D:3      | Reached skill level 5 in Throwing
   450 | D:3      | Found a sacrificial altar of Ru.
   450 | D:3      | Found a burning altar of Makhleb.
   453 | D:3      | Became a worshipper of Ru the Awakened
   561 | D:5      | Entered Level 5 of the Dungeon
   566 | D:5      | Reached XP level 4. HP: 33/33 MP: 4/4
   572 | D:5      | Noticed a phantom
   576 | D:5      | Noticed an ice beast
   603 | D:4      | Reached skill level 1 in Unarmed Combat
   622 | D:4      | Noticed 4thArraOfDagon's ghost (weakling DsHu)
   629 | D:4      | Found a deep blue altar of Sif Muna.
   814 | D:5      | Reached skill level 2 in Unarmed Combat
   847 | D:5      | Noticed Eustachio
   859 | D:6      | Reached skill level 3 in Unarmed Combat
   859 | D:6      | Reached XP level 5. HP: 13/38 MP: 5/5
  1066 | D:6      | Found a shadowy altar of Dithmenos.
  1077 | D:6      | Found an ancient bone altar of Kikubaaqudgha.
  1238 | D:6      | Reached skill level 4 in Unarmed Combat
  1238 | D:6      | Reached XP level 6. HP: 16/44 MP: 6/6
  1404 | D:5      | Noticed an ice beast
  1631 | D:4      | Found a hide-covered altar of Uskayaw.
  1640 | D:4      | Reached skill level 5 in Unarmed Combat
  1665 | D:4      | Fell from the grace of Ru
  1665 | D:4      | Became a worshipper of Uskayaw the Reveler
  1743 | D:3      | Reached * piety under Uskayaw
  2077 | D:2      | Reached ** piety under Uskayaw
  2078 | D:2      | Reached skill level 1 in Invocations
  2082 | D:2      | Reached *** piety under Uskayaw
  2089 | D:2      | Reached **** piety under Uskayaw
  2244 | D:1      | Gained mutation: You have a pair of small antennae on your head. [demonic ancestry]
  2244 | D:1      | Reached XP level 7. HP: 42/50 MP: 8/8
  2916 | D:5      | Reached skill level 6 in Unarmed Combat
  2916 | D:5      | HP: 1/50 [ice beast (9)]
  2974 | D:4      | Gained mutation: You are agile. (Dex +2) [potion of mutation]
  2974 | D:4      | Gained mutation: You are robust. (+10% HP) [potion of mutation]
  3115 | D:5      | Reached XP level 8. HP: 47/61 MP: 11/11
  3217 | D:5      | Found a staircase to the Ecumenical Temple.
  3241 | D:5      | Noticed Blork the orc
  3255 | D:5      | Killed Blork the orc
  3255 | D:5      | Reached skill level 7 in Unarmed Combat
  3342 | D:4      | Killed Eustachio
  3342 | D:4      | Reached skill level 5 in Invocations
  3526 | D:8      | Noticed a hippogriff
  3540 | D:8      | Killed a hippogriff
  3540 | D:8      | Reached skill level 8 in Unarmed Combat
  3559 | D:8      | Noticed a hippogriff
  3571 | D:8      | Noticed a deep elf mage
  3571 | D:8      | HP: 2/61 [hippogriff (7)]
  3571 | D:8      | Slain by a hippogriff

Vault maps used:
D:1:      dpeg_arrival_short_road, minmay_large_rounded_square, grunt_decor_cap
D:2:      nicolae_overflow_hidden_temple, first_bread, serial_glass,
          glass_columns_a, glass_columns_a, feat_on_display, item_on_display_a
D:3:      minmay_wonky_spiral, nicolae_tso_swordbearing_angel,
          gammafunk_temple_overflow_elements, fedhas_altar_3
D:4:      eat_drink_and_be_merry_uskayaw, nicolae_overflow_crystal_walls
D:5:      temple_hall, uniq_blork_the_orc, uniq_eustachio
D:6:      lemuel_crystal_altar, nicolae_dithmenos_shadow_blocks
D:8:      minmay_the_grid_octo_triangle, hangedman_ranch, lemuel_old_faithful

Skill      XL: |  1  2  3  4  5  6  7  8 |
---------------+-------------------------+-----
Throwing       | 4 5 |  5.0
Unarmed Combat | 3 4 5 6 8 |  8.5
Invocations    | 1 4 6 |  6.6
Fighting       | |  2.0
Dodging        | |  1.7
Stealth        | |  0.8

Action                   |  1- 3 |  4- 6 |  7- 9 || total
-------------------------+-------+-------+-------++-------
Melee: Short sword       |    47 |    12 |       ||    59
       Unarmed           |       |   258 |   226 ||   484
       Punch             |       |     4 |     4 ||     8
Throw: Javelin           |    18 |    25 |    28 ||    71
       Throwing net      |       |     2 |     2 ||     4
Invok: Stomp             |       |     1 |     6 ||     7
Evoke: Wand              |       |       |    12 ||    12
  Use: Scroll            |     2 |     7 |     1 ||    10
       Potion            |       |     5 |     3 ||     8
 Stab: Sleeping          |     1 |     2 |     1 ||     4
       Paralysed         |       |     3 |     6 ||     9
  Eat: Royal jelly       |       |     1 |     1 ||     2
       Fruit             |       |     4 |     2 ||     6
       Chunk             |       |     2 |     1 ||     3
Armor: Leather armour    |    24 |       |       ||    24
       Ring mail         |       |   123 |    86 ||   209
       Skin              |       |     1 |       ||     1
Dodge: Dodged            |    47 |   145 |    99 ||   291
Block: Other             |       |    71 |    38 ||   109

Table legend:
 A = Spawn XP
 B = Non-spawn XP
 C = Spawn XP percentage of total XP
 D = Spawn monster count
 E = Non-spawn monster count
 F = Spawn count percentage of total count
 G = Total turns spent on level
                    A         B        C        D         E        F      G
               +---------+---------+-------+---------+---------+-------+---------
         Total |       0 |    2525 |   0.0 |       0 |     108 |   0.0 |  3571
               +---------+---------+-------+---------+---------+-------+---------
           D:1 |       0 |      17 |   0.0 |       0 |       9 |   0.0 |   389
           D:2 |       0 |     163 |   0.0 |       0 |      24 |   0.0 |   446
           D:3 |       0 |     187 |   0.0 |       0 |      26 |   0.0 |   746
           D:4 |       0 |     417 |   0.0 |       0 |      13 |   0.0 |   769
           D:5 |       0 |     693 |   0.0 |       0 |      13 |   0.0 |   501
           D:6 |       0 |     437 |   0.0 |       0 |      18 |   0.0 |   621
           D:7 |       0 |      39 |   0.0 |       0 |       1 |   0.0 |    39
           D:8 |       0 |     572 |   0.0 |       0 |       4 |   0.0 |    60
               +---------+---------+-------+---------+---------+-------+---------
